 Dungeon Crawl Stone Soup version 0.27-a0-1144-g0b7d3b79db (webtiles) character file.

Game seed: 10291147773545437767

85 freelancePsychic the Cudgeller (level 4, -6/37 HPs)
             Began as a Human Monk on May 10, 2021.
             Was a Believer of Okawaru.
             Mangled by an ogre
             ... wielding a +0 giant spiked club
              (21 damage)
             ... on level 4 of the Dungeon.
             The game lasted 00:08:13 (3398 turns).

freelancePsychic the Cudgeller (Human Monk)         Turns: 3398, Time: 00:08:14

Health: -6/37      AC:  5    Str: 12    XL:     4   Next: 75%
Magic:  4/4        EV: 12    Int: 10    God:    Okawaru [**....]
Gold:   902        SH:  3    Dex: 16    Spells: 3/3 levels left

rFire    . . .     SeeInvis .   a - +0 mace
rCold    . . .     Faith    .   k - +0 buckler
rNeg     . . .     Spirit   .   c - +2 leather armour {rPois}
rPois    +         Reflect  .   (no helmet)
rElec    .         Harm     .   (no cloak)
rCorr    .         Rampage  .   (no gloves)
Will     .....                  (no boots)
Stlth    ++........             (no amulet)
HPRegen  0.12/turn              (no ring)
MPRegen  0.09/turn              (no ring)

@: no status effects
A: no striking features
a: Renounce Religion, Heroism


You were on level 4 of the Dungeon.
You worshipped Okawaru.
Okawaru was pleased with you.
You visited 1 branch of the dungeon, and saw 5 of its levels.

You collected 902 gold pieces.

Inventory:

Hand Weapons
 a - a +0 mace (weapon)
 b - a +0 hunting sling
Missiles
 e - 22 arrows
 i - 62 stones (quivered)
 o - a throwing net
Armour
 c - a +2 leather armour of poison resistance (worn)
 h - a +0 robe
 k - a +0 buckler (worn)
 r - a +0 cloak
Jewellery
 g - a ring of magical power
Wands
 m - a wand of mindburst (7)
Scrolls
 q - a scroll of fog
 s - a scroll of teleportation {@r4}
Potions
 d - a potion of haste {@q3}
 f - a potion of curing {unknown}
 l - 2 potions of heal wounds {@q2}
 n - a potion of brilliance {unknown}


   Skills:
 + Level 3.7 Fighting
 * Level 4.5 Maces & Flails
 - Level 3.0 Dodging
 - Level 2.0 Stealth


You had 3 spell levels left.
You didn't know any spells.
Your spell library contained the following spells:

 Spells                   Type           Power      Damage    Failure   Level
 Animate Skeleton         Necr           0%         N/A       63%         1
 Pain                     Necr           0%         1d4       63%         1
 Vampiric Draining        Necr           0%         2d6       94%         3
 Animate Dead             Necr           0%         N/A       100%        4
 Agony                    Necr           0%         N/A       100%        5


Dungeon Overview and Level Annotations

Branches:
Dungeon (5/15)             Temple (0/1) D:4

Altars:
Okawaru

Shops:
D:3 *   D:5 [(

Annotations:
D:3 Sigmund
D:4 Natasha


Message History

Unknown command.
You start resting.
HP restored.
There is an entrance to Suinotoph's Weapon Shoppe here.
q - a scroll labelled VITULAUCYA
Found Xall's Antique Armour Shop.
j - 5 scrolls labelled LIUFAIHOER (gained 1)
You see here a +0 cloak.
r - a +0 cloak
Found a scroll labelled LELADW KADUPEU.
There is an entrance to Xall's Antique Armour Shop here.
You now have 168 gold pieces (gained 7).
s - a scroll labelled LELADW KADUPEU
Okay, then.
Okay, then.
As you read the scroll labelled LIUFAIHOER, it crumbles to dust.
It is a scroll of identify.
l - 2 potions of heal wounds
As you read the scroll of identify {@r1}, it crumbles to dust.
p - a scroll of acquirement
As you read the scroll of identify {@r1}, it crumbles to dust.
d - a potion of haste
As you read the scroll of identify {@r1}, it crumbles to dust.
q - a scroll of fog
As you read the scroll of identify {@r1}, it crumbles to dust.
s - a scroll of teleportation
Okay, then.
Something appears at your feet!
You now have enough gold to buy +2 fire dragon scales on D:3.
You can access your shopping list by pressing '$'.
You now have 902 gold pieces (gained 734).
There is a stone staircase leading up here.
You climb upwards.
Level annotation: Natasha The ogre hits you with a +0 giant spiked club!!
Ouch! That really hurt!
There is a stone staircase leading down, spattered with blood here.
The ogre hits you with a +0 giant spiked club!!
Ouch! That really hurt!
You die...

#.# ########## #.#
#........###### #.#
.####........# #.#
#.#.####.# #.#
##)#.####.####.#
#.).......)....#
#..#.####.###..... #
#@.#.# #.##.....#
#.###.O#.####.###...##
#.............# ##.##
####...######## #.#
###...### #^#
#.......# ##+##
#.......# ##...##
#.......# ##.....#
###...#.######.......


You could see an ogre.

Vanquished Creatures
  3 gnolls (D:4)
  An adder skeleton (D:4)
  A worm (D:3)
  2 dart slugs
  An orc (D:2)
  6 bats
  4 endoplasms
  2 giant cockroaches
  8 goblins
  4 hobgoblins
  A quokka (D:1)
  3 ball pythons (D:2)
  2 frilled lizards
  5 kobolds
  A quokka skeleton (D:4)
  3 rats
47 creatures vanquished.

Vanquished Creatures (others)
  14 toadstools (D:1)
14 creatures vanquished.

Grand Total: 61 creatures vanquished

Notes
Turn   | Place    | Note
-------+----------+-------------------------------------------
     0 | D:1      | freelancePsychic the Human Monk began the quest for the
                  | Orb.
     0 | D:1      | Reached XP level 1. HP: 18/18 MP: 1/1
   208 | D:1      | Reached XP level 2. HP: 24/24 MP: 2/2
   342 | D:1      | Found a faded altar of an unknown god.
   350 | D:1      | Became a worshipper of Warmaster Okawaru
   350 | D:1      | Reached * piety under Okawaru
   350 | D:1      | Reached ** piety under Okawaru
  1047 | D:2      | Reached XP level 3. HP: 21/29 MP: 3/3
  2216 | D:3      | Reached skill level 4 in Maces & Flails
  2378 | D:3      | Found Xaiheet's General Store.
  2409 | D:3      | Reached XP level 4. HP: 30/35 MP: 4/4
  2513 | D:3      | Noticed Sigmund
  2730 | D:4      | Noticed Natasha
  2797 | D:4      | Found a staircase to the Ecumenical Temple.
  3050 | D:4      | Noticed an ogre
  3061 | D:4      | HP: 1/37 [ogre/+0 giant spiked club (15)]
  3110 | D:5      | Entered Level 5 of the Dungeon
  3110 | D:5      | Found Suinotoph's Weapon Shoppe.
  3366 | D:5      | Found Xall's Antique Armour Shop.
  3382 | D:5      | Identified a scroll of acquirement
  3386 | D:5      | Acquired 734 gold pieces
  3398 | D:4      | Mangled by an ogre

Illustrated notes

Levels and vault maps discovered:
D:1:      nagdon_arrival_zigzag_paths, layout_basic, basic_ecumenical_altar,
          minmay_misc_feat_rows
D:2:      layout_rooms
D:3:      layout_loops_corners, tso_altar, serial_shops, shop, uniq_sigmund
D:4:      minmay_spotlight, layout_loops_corners,
          minmay_temple_entry_mini_moons, uniq_natasha
D:5:      layout_rooms, gammafunk_temple_overflow_wave, serial_shops,
          nicolae_shop_trees, shop, nicolae_shop_statue_plus,
          nicolae_shop_trees, shop

Skill      XL: |  1  2  3 |
---------------+----------+-----
Maces & Flails | 4 |  4.5
Fighting       | |  3.7
Dodging        | |  3.0
Stealth        | |  2.0

Action                   |  1- 3 |  4- 6 || total
-------------------------+-------+-------++-------
Melee: Mace              |    71 |     1 ||    72
 Fire: Hunting sling     |    39 |    42 ||    81
Invok: Heroism           |     1 |     2 ||     3
  Use: Scroll            |       |     6 ||     6
 Stab: Sleeping          |     2 |       ||     2
Armor: Leather armour    |    37 |     1 ||    38
Dodge: Dodged            |    44 |    16 ||    60
Block: Buckler           |     1 |     6 ||     7

Table legend: (Time is in decaauts)
 A = Elapsed time spent in this place.
 B = Non-inter-level travel time spent in this place.
 C = Inter-level travel time spent in this place.
 D = Time resting spent in this place.
 E = Time spent auto-exploring this place.
 F = Levels seen in this place.
 G = Mean time per level.
                   A        B        C        D        E       F      G
               +--------+--------+--------+--------+--------+-----+--------+
         Total |   3429 |   3278 |    151 |    401 |   2385 |   5 |  685.8 |
       Dungeon |   3429 |   3278 |    151 |    401 |   2385 |   5 |  685.8 |
               +--------+--------+--------+--------+--------+-----+--------+

Top non-repeatable levels by time:
     D:2: 1064 daAuts
     D:1: 984 daAuts
     D:3: 677 daAuts
     D:4: 416 daAuts
     D:5: 286 daAuts
